 Dungeon Crawl Stone Soup version 0.27-a0-695-gb4952372f7 (webtiles) character file.

Game seed: 11427820323791694161

170 Gaff the Slinger (level 5, -1/34 HPs)
             Began as a Halfling Hunter on Mar 21, 2021.
             Was a Priest of Lugonu.
             Killed from afar by Grinder (3 damage)
             ... with a puff of flame
             ... on level 3 of the Dungeon.
             The game lasted 00:14:09 (4099 turns).

Gaff the Slinger (Halfling Hunter)                  Turns: 4099, Time: 00:14:10

Health: -1/34      AC:  7    Str: 14    XL:     5   Next: 80%
Magic:  5/5        EV: 13    Int:  9    God:    Lugonu [***...]
Gold:   51         SH:  5    Dex: 15    Spells: 4/4 levels left

rFire    . . .     SeeInvis .   a - +1 hunting sling (vorpal)
rCold    . . .     Faith    .   h - +0 buckler
rNeg     . . .     Spirit   .   c - +0 leather armour
rPois    .         Reflect  .   g - +2 helmet
rElec    .         Harm     .   (no cloak)
rCorr    .         Rampage  .   (no gloves)
Will     .....                  i - +0 pair of boots
Stlth    ++........             (no amulet)
HPRegen  0.11/turn              (no ring)
MPRegen  0.09/turn              (no ring)

@: no status effects
A: small, no large weapons, mutation resistance 1
a: Renounce Religion, Depart the Abyss, Bend Space, Banish


You were on level 3 of the Dungeon.
You worshipped Lugonu.
Lugonu was most pleased with you.
You visited 1 branch of the dungeon, and saw 3 of its levels.

You collected 51 gold pieces.

Inventory:

Hand Weapons
 a - a +1 vorpal hunting sling (weapon)
 b - a +0 short sword
 j - a +3 dagger
 p - a +1 vorpal flail
Missiles
 d - 40 sling bullets (quivered ammo)
 e - 72 stones
 l - 8 boomerangs
Armour
 c - a +0 leather armour (worn)
 g - a +2 helmet (worn)
 h - a +0 buckler (worn)
 i - a +0 pair of boots (worn)
 o - a +2 hat
Scrolls
 f - 2 scrolls of identify
 k - 2 scrolls of fear {unknown}
 m - a scroll of torment {unknown}
 n - a scroll of amnesia


   Skills:
 - Level 1.7 Fighting
 * Level 8.5 Slings
 - Level 2.1 Dodging
 - Level 1.3 Stealth
 + Level 2.7 Shields
 + Level 0.4 Invocations


You had 4 spell levels left.
You didn't know any spells.
Your spell library was empty.

Dungeon Overview and Level Annotations

Branches:
Dungeon (3/15)

Altars:
Lugonu

Annotations:
D:3 Grinder, Sigmund


Innate Abilities, Weirdness & Mutations

You are small and have problems with some larger weapons.
You are somewhat resistant to further mutation.


Message History

Fire: 75 stones
Press: ? - help, Q - select action, (/) - cycle Shift-Dir - straight line, f/p - Grinder
Aim: Grinder, carrying a wand of flame (13) (severely wounded, 61% to hit)
You shoot a stone. The stone closely misses Grinder.
Grinder barely misses you.
Fire: 74 stones
Press: ? - help, Q - select action, (/) - cycle Shift-Dir - straight line, f/p - Grinder
Aim: Grinder, carrying a wand of flame (13) (severely wounded, 61% to hit)
You shoot a stone. The stone completely misses Grinder.
Grinder blinks!
Fire: 73 stones
Press: ? - help, Q - select action, (/) - cycle Shift-Dir - straight line, f/p - Grinder
Aim: Grinder, carrying a wand of flame (13) (severely wounded, 61% to hit)
You shoot a stone. The stone closely misses Grinder.
Grinder zaps a wand.
The puff of flame hits you.
* * * LOW HITPOINT WARNING * * *
Fire: 43 sling bullets
Press: ? - help, Q - select action, (/) - cycle Shift-Dir - straight line, f/p - Grinder
Aim: Grinder, carrying a wand of flame (12) (severely wounded, 61% to hit)
You shoot a sling bullet. The sling bullet hits Grinder.
Grinder is severely wounded.
You are too injured to fight recklessly!
Fire: 42 sling bullets
Press: ? - help, Q - select action, (/) - cycle Shift-Dir - straight line, f/p - Grinder
Aim: Grinder, carrying a wand of flame (12) (severely wounded, 61% to hit)
You shoot a sling bullet.
The sling bullet closely misses Grinder.
Grinder gestures at you. Pain shoots through your body!
* * * LOW HITPOINT WARNING * * *
Fire: 41 sling bullets
Press: ? - help, Q - select action, (/) - cycle Shift-Dir - straight line, f/p - Grinder
Aim: Grinder, carrying a wand of flame (12) (severely wounded, 61% to hit)
You shoot a sling bullet.
The sling bullet hits Grinder but does no damage.
Grinder is severely wounded.
Grinder zaps a wand.
The puff of flame hits you!
* * * LOW HITPOINT WARNING * * *
Grinder zaps a wand.
The puff of flame hits you.
You die...

####...##.....(((...
.# #.
#...###......##.. # ##
#...# #....5(####
#...# ######(#
###...### #.# #######
#.....รท.# #.# ###
#...... #@##.##.###
#.# ##.## #.#####
#.##.##.#.##
#.####...## #.#
........[#.#
#.@.......###.#
.#.#####.#.##
####..........#
#.#.########.....#####
..#......# ##...##
#########.# ##.## #.#
### #<# #.# ####.#


You could see Grinder.

Vanquished Creatures
  Natasha (D:2)
  Robin (D:2)
  5 adders
  2 oozes
  A worm (D:2)
  3 dart slugs
  3 leopard geckos
  2 orcs (D:3)
  6 bats
  17 goblins
  5 hobgoblins
  4 jackals (D:2)
  A quokka (D:3)
  4 frilled lizards
  9 kobolds
  4 rats
68 creatures vanquished.

Notes
Turn   | Place    | Note
-------+----------+-------------------------------------------
     0 | D:1      | Gaff the Halfling Hunter began the quest for the Orb.
     0 | D:1      | Reached XP level 1. HP: 14/14 MP: 1/1
    48 | D:1      | Reached skill level 6 in Slings
   135 | D:1      | Reached XP level 2. HP: 14/19 MP: 2/2
   661 | D:1      | Reached skill level 1 in Shields
   845 | D:2      | Reached XP level 3. HP: 17/24 MP: 3/3
  1115 | D:2      | Found a faded altar of an unknown god.
  1117 | D:2      | Became a worshipper of Lugonu the Unformed
  1117 | D:2      | Reached * piety under Lugonu
  1117 | D:2      | Reached ** piety under Lugonu
  1338 | D:2      | Noticed Robin
  1468 | D:2      | Reached skill level 7 in Slings
  1610 | D:2      | HP: 1/24 [goblin/+0 dagger[Robin] (3)]
  1940 | D:2      | Killed Robin
  1941 | D:2      | Reached XP level 4. HP: 29/29 MP: 4/4
  2487 | D:2      | Reached XP level 5. HP: 32/34 MP: 5/5
  2520 | D:2      | Reached *** piety under Lugonu
  2858 | D:3      | Noticed Grinder
  2984 | D:1      | Reached skill level 8 in Slings
  3456 | D:3      | Noticed Sigmund
  3631 | D:3      | Noticed Natasha
  3928 | D:2      | Killed Natasha
  4074 | D:3      | Paralysed by Grinder for 2 turns
  4099 | D:3      | Killed from afar by Grinder

Illustrated notes

Levels and vault maps discovered:
D:1:      dpeg_arrival_simpleton_a, layout_basic
D:2:      layout_rooms, chequers_ecumenical_altar_twisty, uniq_robin
D:3:      layout_loops_cross, lemuel_doored_altar, kennysheep_generic_room_12,
          uniq_sigmund, uniq_natasha, uniq_grinder, uniq_jessica

Skill      XL: |  1  2  3  4  5 |
---------------+----------------+-----
Slings         | 6 7 8 |  8.5
Shields        | 1 2 |  2.7
Fighting       | |  1.7
Dodging        | |  2.1
Stealth        | |  1.3
Invocations    | |  0.4

Action                   |  1- 3 |  4- 6 || total
-------------------------+-------+-------++-------
Melee: Short sword       |    92 |   148 ||   240
 Fire: Hunting sling     |    17 |    57 ||    74
Invok: Bend Space        |       |     4 ||     4
  Use: Scroll            |     3 |       ||     3
       Potion            |     1 |     1 ||     2
 Stab: Sleeping          |       |     2 ||     2
Armor: Leather armour    |    21 |    43 ||    64
Dodge: Dodged            |    67 |   102 ||   169
Block: Buckler           |    22 |    51 ||    73

Table legend: (Time is in decaauts)
 A = Elapsed time spent in this place.
 B = Non-inter-level travel time spent in this place.
 C = Inter-level travel time spent in this place.
 D = Time resting spent in this place.
 E = Time spent auto-exploring this place.
 F = Levels seen in this place.
 G = Mean time per level.
                   A        B        C        D        E       F      G
               +--------+--------+--------+--------+--------+-----+--------+
         Total |   4122 |   3861 |    261 |   1977 |    707 |   3 | 1374.0 |
       Dungeon |   4122 |   3861 |    261 |   1977 |    707 |   3 | 1374.0 |
               +--------+--------+--------+--------+--------+-----+--------+

Top non-repeatable levels by time:
     D:1: 1942 daAuts
     D:2: 1794 daAuts
     D:3: 385 daAuts
